 Dungeon Crawl Stone Soup version 0.19.1-1-g22dce08 (webtiles) character file.

46582 kae the Bludgeoner (level 14, -3/208 HPs)
             Began as a Naga Fighter on Jan 12, 2017.
             Was the Champion of Cheibriados.
             Slain by a yak (5 damage)
             ... led by a torpor snail
             ... on level 6 of the Lair of Beasts.
             The game lasted 00:25:49 (19361 turns).

kae the Bludgeoner (Naga Fighter)                  Turns: 19361, Time: 00:25:49

Health: -3/208     AC: 19    Str: 44    XL:     14   Next: 38%
Magic:  23/23      EV:  8    Int: 23    God:    Cheibriados [******]
Gold:   1010       SH:  0    Dex: 26    Spells: 0 memorised, 13 levels left

rFire  + . .     SeeInvis +     L - +1 great mace (flame)
rCold  . . .     Gourm    .     y - +1 pearl dragon scales
rNeg   + . .     Faith    .     (shield currently unavailable)
rPois  +         Spirit   .     (no helmet)
rElec  .         Reflect  .     H - +0 cloak
rCorr  .         Harm     .     O - +0 pair of gloves
MR     +....                    (no barding)
Stlth  ..........               X - amulet of regeneration
                                W - ring of protection from fire
                                Q - +6 ring of protection

@: berserking (expiring), very slow
A: see invisible, deformed body, poison resistance, slowness 2, slow metabolism
1, spit poison 1, constrict 1, AC +4
a: Spit Poison, Bend Time, Temporal Distortion, Slouch, Step From Time, Renounce
Religion


You were on level 6 of the Lair of Beasts.
You worshipped Cheibriados.
Cheibriados was exalted by your worship.
You were not hungry.

You visited 3 branches of the dungeon, and saw 18 of its levels.
You also visited: Volcano.

You collected 1010 gold pieces.

Inventory:

Hand Weapons
 a - a +0 flail
 K - a +1 whip of flaming
 L - a +1 great mace of flaming (weapon)
Missiles
 d - 4 throwing nets (quivered)
Armour
 c - a +0 shield
 y - +1 pearl dragon scales (worn)
 H - a +0 cloak (worn)
 N - a +0 large shield
 O - a +0 pair of gloves (worn)
Jewellery
 g - an uncursed ring of positive energy
 M - a +6 ring of dexterity
 Q - a +6 ring of protection (left hand)
 U - a +4 amulet of reflection
 W - a ring of protection from fire (right hand)
 X - an amulet of regeneration (around neck)
Wands
 l - a wand of flame (39/48)
 o - a wand of paralysis (14/24)
 p - a wand of confusion (34/48)
 w - a wand of acid (3/15)
Scrolls
 k - 3 scrolls of recharging
 m - 2 scrolls of amnesia
 n - 2 scrolls of fog
 q - 7 scrolls of remove curse
 s - 4 scrolls of noise
 u - 2 scrolls of enchant weapon
 x - 2 scrolls of magic mapping
 z - 5 scrolls of teleportation
 R - 2 scrolls of identify
 T - a scroll of enchant armour
 Y - 2 scrolls of fear
Potions
 b - 2 potions of ambrosia
 e - 3 potions of mutation
 h - 5 potions of flight
 i - 4 potions of heal wounds
 j - 2 potions of magic
 r - 4 potions of resistance
 B - 2 potions of might
 C - 4 potions of curing
 F - 3 potions of brilliance
 G - a potion of cancellation
 V - 5 potions of agility
 Z - 2 potions of haste
Books
 A - a book of Frost

   Spells                             Type                      Level
   a - Freeze                         Ice                          1
   b - Throw Frost                    Conjuration/Ice              2
   c - Ozocubu's Armour               Charms/Ice                   3
   d - Throw Icicle                   Conjuration/Ice              4
   e - Summon Ice Beast               Ice/Summoning                4
 J - a book of Cantrips

   Spells                             Type                      Level
   a - Confusing Touch                Hexes                        1
   b - Animate Skeleton               Necromancy                   1
   c - Summon Small Mammal            Summoning                    1
   d - Apportation                    Translocation                1
Comestibles
 f - 15 bread rations
 t - 12 meat rations
 v - 6 fruits
 D - 2 slices of pizza
 I - a royal jelly
 S - 3 beef jerkies


   Skills:
 + Level 12.7 Fighting
 * Level 16.9 Maces & Flails
 - Level 2.4 Armour
 - Level 2.4 Shields
 + Level 12.6 Invocations


You had 13 spell levels left.
You didn't know any spells.

Dungeon Overview and Level Annotations

Branches:
Dungeon (11/15)            Temple (1/1) D:5            Lair (6/6) D:11
  Swamp (0/4) Lair:3        Snake (0/4) Lair:3        Slime (0/5) Lair:5
    Orc (0/2) D:9

Altars:
Ashenzari
Cheibriados
Dithmenos
Elyvilon
Fedhas
Gozag
Hepliaklqana
Kikubaaqudgha
Makhleb
Nemelex Xobeh
Okawaru
Qazlal
Ru
Sif Muna
Trog
Uskayaw
Vehumet
Xom
Yredelemnul
Zin
The Shining One
Jiyva

Shops:
D:10 =

Annotations:
Lair:6 1 exclusion


Innate Abilities, Weirdness & Mutations

You cannot wear boots.
Your serpentine skin is tough. (AC +4)
You have supernaturally acute eyesight. (SInv)
Armour fits poorly on your strangely shaped body.
Your system is resistant to poisons. (rPois)
You cover ground very slowly.
You have a slow metabolism.
You can spit poison.
You can use your snake-like lower body to constrict enemies.


Message History

* * * LOW HITPOINT WARNING * * *
You thump the death yak! You burn the death yak.
The death yak is moderately wounded.
The yak gores you but does no damage. x2
You bludgeon the death yak!! You burn the death yak!
The death yak is severely wounded.
The death yak gores you.
* * * LOW HITPOINT WARNING * * *
The yak gores you!
* * * LOW HITPOINT WARNING * * *
The yak closely misses you.
You hit the death yak. You burn the death yak.
The death yak is severely wounded.
The death yak gores you!
* * * LOW HITPOINT WARNING * * *
The yak gores you but does no damage.
You barely miss the death yak.
The death yak is severely wounded.
The yak gores you.
You die...

....##.#.............#.#
....###..............###
....P#*..............##
....##,...............#
...##**#.............##
...## *,..<.,#.......#
....# *,,,,,,.###....#
....# *,,,,,,,*#YY...##
...## *,,,,,,**#@Y....#
....# *,,,,,,* ##†....#
....# *,,,,,** #....##
...## *,,,,,,* *#....#
...# *,,,,,,**#.....#
...## *,,,,,,,*#.....#*
....# *,,,,,*,*#......#
....# **,,,,,,*#.....##
....##**,,,,,**#......**


You could see a death yak and 2 yaks.

Vanquished Creatures
  2 hydras
  Harold (Lair:3)
  4 death yaks (Lair:6)
  2 skeletal warriors (Volcano)
  An anaconda skeleton (Volcano)
  2 hill giants
  Pikel (D:5)
  Maurice (D:10)
  Joseph (D:7)
  3 gargoyles (Volcano)
  13 elephants
  5 black mambas
  18 spiny frogs
  A rime drake (Lair:5)
  6 komodo dragons
  3 two-headed ogres
  A hornet (D:10)
  4 polar bears
  Grinder (D:5)
  6 dream sheep (Lair:6)
  5 hippogriffs
  20 blink frogs
  An alligator skeleton (Volcano)
  A spriggan (D:7)
  3 wyverns
  2 hungry ghosts
  3 basilisks
  36 yaks
  4 nagas
  9 water moccasins
  A warg (D:9)
  9 porcupines
  A sky beast (D:10)
  4 orc warriors
  3 black bears
  3 slaves (D:5)
  An eye of draining (D:11)
  2 phantoms
  2 ice beasts
  5 necrophages
  6 centaurs
  6 ogres
  12 crocodiles
  11 wolves
  A big kobold (D:8)
  13 bullfrogs
  A wyvern skeleton (D:10)
  A water moccasin skeleton (D:8)
  6 scorpions
  14 wights
  2 spriggan skeletons (Volcano)
  3 howler monkeys
  5 crimson imps
  A quasit (D:7)
  8 hounds
  A jelly (D:9)
  A centaur skeleton (D:8)
  9 orc priests
  A bullfrog skeleton (D:7)
  3 iguanas
  7 orc wizards
  10 worker ants
  A naga skeleton (Volcano)
  A hound skeleton (D:10)
  2 hound zombies
  2 worker ant zombies
  12 adders
  7 shadow imps
  2 oozes
  2 adder skeletons
  3 worms
  4 dart slugs
  8 leopard geckos
  26 orcs
  8 bats
  7 giant cockroaches
  5 goblins
  4 hobgoblins
  15 jackals
  6 quokkas
  2 ball pythons
  3 frilled lizards
  A giant cockroach zombie (D:6)
  6 kobolds
  2 leopard gecko skeletons
  A quokka zombie (D:7)
  6 rats
  A plant (Lair:6)
450 creatures vanquished.

Vanquished Creatures (others)
  2 flying skulls (Volcano)
  2 centaurs (D:8)
  A hound (D:6)
  An adder (D:6)
  A jackal (D:6)
  14 fungi
  3 plants (Lair:6)
  5 toadstools (D:1)
29 creatures vanquished.

Grand Total: 479 creatures vanquished

Notes
Turn   | Place    | Note
-------+----------+-------------------------------------------
     0 | D:1      | kae the Naga Fighter began the quest for the Orb.
     0 | D:1      | Reached XP level 1. HP: 21/21 MP: 1/1
    74 | D:1      | Reached XP level 2. HP: 18/28 MP: 2/2
   516 | D:1      | Reached skill level 3 in Maces & Flails
   524 | D:1      | Reached XP level 3. HP: 13/34 MP: 3/3
  1689 | D:3      | Found a stormy altar of Qazlal.
  1829 | D:3      | Reached XP level 4. HP: 43/43 MP: 4/4
  1929 | D:3      | Found a hazy altar of Hepliaklqana.
  2353 | D:4      | Reached skill level 4 in Maces & Flails
  2353 | D:4      | Reached XP level 5. HP: 30/50 MP: 5/5
  3690 | D:4      | Reached skill level 5 in Maces & Flails
  3690 | D:4      | Reached XP level 6. HP: 55/58 MP: 6/6
  3943 | D:5      | Entered Level 5 of the Dungeon
  4130 | D:5      | Found a sacrificial altar of Ru.
  4167 | D:5      | Noticed an ice beast
  4178 | D:5      | Killed an ice beast
  4178 | D:5      | Reached skill level 5 in Fighting
  4178 | D:5      | Reached skill level 6 in Maces & Flails
  4178 | D:5      | Reached XP level 7. HP: 54/67 MP: 7/7
  4730 | D:5      | Noticed Grinder
  4741 | D:5      | Killed Grinder
  4741 | D:5      | Reached skill level 7 in Maces & Flails
  4741 | D:5      | Reached XP level 8. HP: 33/76 MP: 8/8
  5133 | D:5      | Found a staircase to the Ecumenical Temple.
  5282 | Temple   | Entered the Ecumenical Temple
  5360 | Temple   | Became a worshipper of Cheibriados the Contemplative
  5579 | D:6      | Noticed Pikel
  5888 | D:5      | Killed Pikel
  5888 | D:5      | Reached skill level 8 in Maces & Flails
  5984 | D:6      | Found a glowing silver altar of Zin.
  5984 | D:6      | Found a hide-covered altar of Uskayaw.
  6053 | D:6      | Reached * piety under Cheibriados
  6202 | D:6      | Reached skill level 9 in Maces & Flails
  6202 | D:6      | Reached XP level 9. HP: 78/85 MP: 11/11
  6628 | D:7      | Noticed Joseph
  6659 | D:7      | Killed Joseph
  7740 | D:7      | Reached ** piety under Cheibriados
  7874 | D:7      | Reached skill level 10 in Maces & Flails
  8220 | D:8      | Reached skill level 5 in Invocations
  8221 | D:8      | Noticed a two-headed ogre
  8227 | D:8      | Killed a two-headed ogre
  8290 | D:8      | Reached XP level 10. HP: 96/96 MP: 12/14
  8474 | D:8      | Reached *** piety under Cheibriados
  8542 | D:8      | Reached skill level 11 in Maces & Flails
  9210 | D:9      | Found a staircase to the Orcish Mines.
  9222 | D:9      | Reached **** piety under Cheibriados
 10269 | D:10     | Entered Level 10 of the Dungeon
 10404 | D:10     | Found Fyibeap's Jewellery Emporium.
 10405 | D:10     | Noticed a hill giant
 10443 | D:10     | Killed a hill giant
 10443 | D:10     | Reached skill level 12 in Maces & Flails
 10443 | D:10     | Reached XP level 11. HP: 24/106 MP: 16/16
 10896 | D:10     | Noticed Maurice
 10915 | D:10     | Killed Maurice
 11433 | D:10     | Reached ***** piety under Cheibriados
 11921 | D:11     | Noticed a hill giant
 11929 | D:11     | Killed a hill giant
 12199 | D:11     | Found a staircase to the Lair.
 12414 | D:11     | Found a shadowy altar of Dithmenos.
 12650 | Lair:1   | Entered Level 1 of the Lair of Beasts
 12706 | D:11     | Reached skill level 13 in Maces & Flails
 12999 | Lair:1   | Reached skill level 10 in Fighting
 13727 | Lair:1   | Reached XP level 12. HP: 114/116 MP: 19/19
 13978 | Lair:2   | Reached ****** piety under Cheibriados
 14112 | Lair:2   | Found a glowing silver altar of Zin.
 14628 | Lair:3   | Found a staircase to the Snake Pit.
 14631 | Lair:3   | Noticed Harold
 14943 | Lair:3   | Killed Harold
 14943 | Lair:3   | Reached skill level 14 in Maces & Flails
 14943 | Lair:3   | Reached skill level 10 in Invocations
 15408 | Lair:3   | Found a staircase to the Swamp.
 16115 | Lair:4   | Gained mutation: You can use your snake-like lower body to constrict enemies. [Naga growth]
 16115 | Lair:4   | Reached XP level 13. HP: 60/127 MP: 21/21
 16248 | Lair:4   | Reached skill level 15 in Maces & Flails
 17527 | Lair:5   | Found a viscous altar of Jiyva.
 17527 | Lair:5   | Found a staircase to the Slime Pits.
 18010 | Lair:6   | Entered Level 6 of the Lair of Beasts
 18262 | Lair:6   | Found a dark tunnel.
 18269 | Volcano  | Entered a volcano
 18334 | Volcano  | Reached skill level 16 in Maces & Flails
 18759 | Lair:6   | Reached XP level 14. HP: 71/139 MP: 23/23
 19359 | Lair:6   | HP: 7/208 [yak[a torpor snail] (10)]
 19360 | Lair:6   | HP: 1/208 [death yak (7)]
 19361 | Lair:6   | Slain by a yak

Skill      XL: |  1  2  3  4  5  6  7  8  9 10 11 12 13 |
---------------+----------------------------------------+-----
Maces & Flails | 3 4 5 6 7 9 10 12 13 14 16 | 16.9
Fighting       | 4 5 6 8 9 10 11 12 | 12.7
Invocations    | 3 5 7 9 10 12 | 12.6
Armour         | |  2.4
Shields        | |  2.4

Action                   |  1- 3 |  4- 6 |  7- 9 | 10-12 | 13-15 || total
-------------------------+-------+-------+-------+-------+-------++-------
Melee: Flail             |   111 |   162 |   125 |       |       ||   398
       Whip              |       |       |   313 |  1195 |   319 ||  1827
       Constrict         |       |       |       |       |    88 ||    88
       Great mace        |       |       |       |       |   123 ||   123
Throw: Throwing net      |       |       |       |     1 |       ||     1
 Abil: Spit Poison       |     4 |    12 |    26 |    46 |     1 ||    89
  Use: Scroll            |     2 |       |    15 |     8 |     2 ||    27
       Potion            |       |       |     2 |     2 |     1 ||     5
  Eat: Chunk             |     2 |     6 |    12 |    18 |     9 ||    47
       Bread ration      |       |       |       |     1 |       ||     1
Armor: Scale mail        |    39 |    35 |       |       |       ||    74
       Pearl dragon scal |       |    50 |   153 |   350 |   288 ||   841
       Skin              |       |       |       |    60 |       ||    60
Dodge: Dodged            |    34 |    39 |    64 |   141 |   129 ||   407
Block: Shield            |    61 |    74 |   181 |   618 |   150 ||  1084
       Reflection        |       |       |     5 |    10 |       ||    15
